[Event "Early-Titled-Tuesday-Blitz-February-27-2024"]
[Site "Chess.com"]
[Date "2024.02.27"]
[Round "6"]
[White "Ishowmoves57"]
[Black "Misterfox120"]
[Result "0-1"]
[WhiteElo "2160"]
[BlackElo "2434"]
[TimeControl "180+1"]
[EndTime "8:59:41 PST"]
[Termination "Misterfox120 won by resignation"]

1. e4 c6 2. d4 d5 3. Nc3 dxe4 4.
Nxe4 Nf6 5. Nxf6+ exf6 6. Nf3 Bd6 7. Bd3 O-O 8. O-O Bg4 9. h3 Bh5 10. c3 Nd7 11. Be2 Re8 12. Qc2 Nf8 13. Be3 Bc7 14. Ng5 Bg6 0-1

[Event "Early-Titled-Tuesday-Blitz-February-27-2024"]
[Site "Chess.com"]
[Date "2024.02.27"]
[Round "6"]
[White "dpopadic"]
[Black "shirovin"]
[Result "1-0"]
[WhiteElo "2350"]
[BlackElo "2082"]
[TimeControl "180+1"]
[EndTime "8:59:41 PST"]
[Termination "dpopadic won by resignation"]

1. e4 c5 2. Nc3 d6 3. f4 Nc6 4. Nf3 g6 5. Bc4 Bg7 6. d3 e6 7. O-O Nge7 8. Qe1 O-O 9. f5 gxf5 10. Qh4 fxe4 11. dxe4 Ng6 12. Qh5 Nce5 13. Nxe5 dxe5 14. Be3 Qh4 15. Qxh4 Nxh4 16. Bxc5 Rd8 17. Rad1 Bd7 18. Be7 Bc6 1-0

[Event "Early-Titled-Tuesday-Blitz-February-27-2024"]
[Site "Chess.com"]
[Date "2024.02.27"]
[Round "6"]
[White "platy3"]
[Black "SirStrateg"]
[Result "1-0"]
[WhiteElo "2936"]
[BlackElo "2667"]
[TimeControl "180+1"]
[EndTime "9:00:06 PST"]
[Termination "platy3 won by resignation"]

1. e4 d6 2. d4 Nf6 3. Nc3 c6 4. f4 Qa5 5. Bd3 e5 6. Nf3 exd4 7. Nxd4 g6 8. Nb3 Qc7 9. Be3 Bg7 10. Qd2 O-O 11.
O-O Nbd7 12. Kh1 b5 13. a3 Bb7 14. Rad1 a6 15. Be2 Ne8 16. Bg4 Ndf6 17. Bf3 c5 18. e5 dxe5 19. fxe5 Nh5 20. Bxb7 Qxb7 21. Bxc5 Bxe5 22. Bxf8 Kxf8 23. Nc5 Qc6 24. Nd7+ 1-0

[Event "Early-Titled-Tuesday-Blitz-February-27-2024"]
[Site "Chess.com"]
[Date "2024.02.27"]
[Round "6"]
[White "edgarhay012"]
[Black "Der_Balak_3Halak"]
[Result "1-0"]
[WhiteElo "2636"]
[BlackElo "2454"]
[TimeControl "180+1"]
[EndTime "9:00:10 PST"]
[Termination "edgarhay012 won by resignation"]

1. e4 c5 2. Nc3 g6 3. d4 cxd4 4.
Qxd4 Nf6 5. Be3 Bg7 6. Qd2 Nc6 7. f3 O-O 8. h4 h5 9. O-O-O a6 10.
Nh3 b5 11. Ng5 b4 12. Nd5 e6 13. Bb6 Qe8 14. Nc7 Qe7 15. Nxa8 d5 16. Nc7 dxe4 17.
Qd6 exf3 18. Qxe7 Nxe7 19. gxf3 Bb7 20. Bc5 Rc8 21. Bxe7 Rxc7 22. Rd8+ 1-0

[Event "Early-Titled-Tuesday-Blitz-February-27-2024"]
[Site "Chess.com"]
[Date "2024.02.27"]
[Round "6"]
[White "esrosenberg"]
[Black "RandomNoob04"]
[Result "0-1"]
[WhiteElo "2434"]
[BlackElo "2635"]
[TimeControl "180+1"]
[EndTime "9:00:26 PST"]
[Termination "RandomNoob04 won by resignation"]

1. d4 Nf6 2. Bg5 d5 3. Bxf6 exf6 4. e3 c6 5. Nd2 Bd6 6. g3 Be6 7. Bg2 f5 8. Ne2 Nd7 9. O-O h5 10. h4 g5 11. hxg5 h4 12. Nf4 hxg3 13. fxg3 Qxg5 14. Kf2 Rg8 15. Qf3 Nf6 16. Ke2 Ne4 17. Nxe4 fxe4 18.
Qf2 Qxg3 19. Qxg3 Rxg3 20. Rf2 Bg4+ 21. Kd2 Bxf4 0-1

[Event "Early-Titled-Tuesday-Blitz-February-27-2024"]
[Site "Chess.com"]
[Date "2024.02.27"]
[Round "6"]
[White "klimkoj"]
[Black "Shield12"]
[Result "0-1"]
[WhiteElo "2825"]
[BlackElo "2978"]
[TimeControl "180+1"]
[EndTime "9:00:29 PST"]
[Termination "Shield12 won by resignation"]

1. d4 Nf6 2. Nf3 d5 3. c4 e6 4. Nc3 Bb4 5. Qa4+ Nc6 6. e3 O-O 7. Bd2 dxc4 8. Bxc4 Bd6 9. Rd1 a6 10. Qc2 b5 11. Be2 Bb7 12. O-O e5 13. dxe5 Nxe5 14.
Nxe5 Bxe5 15. f4 Bd6 16. e4 b4 17. e5 bxc3 18. Bxc3 Bc5+ 19. Kh1 Nd5 20. Ba5 Qe7 0-1

[Event "Early-Titled-Tuesday-Blitz-February-27-2024"]
[Site "Chess.com"]
[Date "2024.02.27"]
[Round "6"]
[White "Andreikka"]
[Black "Adar_07"]
[Result "1-0"]
[WhiteElo "2955"]
[BlackElo "2791"]
[TimeControl "180+1"]
[EndTime "9:00:38 PST"]
[Termination "Andreikka won by resignation"]

1. d4 Nf6 2. c4 e6 3. Nc3 Bb4 4.
Qc2 b6 5. e4 Bb7 6. Bd3 d5 7.
cxd5 exd5 8. e5 Ne4 9. Ne2 O-O 10. O-O f5 11. f3 Bxc3 12. bxc3 a6 13. Qb1 Ng5 14. Bxf5 h6 15. Nf4 Bc8 16. Bxc8 Qxc8 17. Nxd5 Nc6 18. Bxg5 hxg5 19. Qg6 1-0

[Event "Early-Titled-Tuesday-Blitz-February-27-2024"]
[Site "Chess.com"]
[Date "2024.02.27"]
[Round "6"]
[White "yuriydovzik"]
[Black "elchacal664"]
[Result "0-1"]
[WhiteElo "2128"]
[BlackElo "2417"]
[TimeControl "180+1"]
[EndTime "9:00:42 PST"]
[Termination "elchacal664 won by resignation"]

1. Nf3 Nf6 2. b3 d6 3. Bb2 c5 4.
c4 Nc6 5. e3 e5 6. d4 cxd4 7.
exd4 e4 8. d5 exf3 9. dxc6 Qe7+ 10. Kd2 Ne4+ 11. Kc1 Nxf2 12. Qxf3 Nxh1 13. Nc3 Qe1+ 14.
Kc2 Qf2+ 15. Be2 Bf5+ 16. Qxf5 Qxf5+ 0-1

[Event "Early-Titled-Tuesday-Blitz-February-27-2024"]
[Site "Chess.com"]
[Date "2024.02.27"]
[Round "6"]
[White "aljado"]
[Black "Ati1517"]
[Result "1-0"]
[WhiteElo "2045"]
[BlackElo "2219"]
[TimeControl "180+1"]
[EndTime "9:00:42 PST"]
[Termination "aljado won by resignation"]

1. e4 c5 2. Nf3 d6 3. c3 Nf6 4.
Bc4 Bd7 5. Qe2 e6 6. O-O Nc6 7. Rd1 Be7 8. d4 d5 9. exd5 exd5 10. Bb3 O-O 11. Bg5 c4 12. Bc2 h6 13. Bh4 Bd6 14.
b3 b5 15. a4 a6 16. axb5 a5 17.
bxc6 Bxc6 18. bxc4 dxc4 19. Nbd2 Re8 20. Qxc4 Bd5 21.
Bxf6 gxf6 22. Qd3 Kf8 23. Qh7 Ke7 24. Re1+ Kd7 25. Ba4+ 1-0

[Event "Early-Titled-Tuesday-Blitz-February-27-2024"]
[Site "Chess.com"]
[Date "2024.02.27"]
[Round "6"]
[White "Batica1984"]
[Black "ExchangeAB"]
[Result "1-0"]
[WhiteElo "2750"]
[BlackElo "2529"]
[TimeControl "180+1"]
[EndTime "9:00:59 PST"]
[Termination "Batica1984 won by checkmate"]

1. e4 c6 2. d4 d5 3. e5 Bf5 4.
Nf3 e6 5. Be2 Ne7 6. c3 h6 7.
Na3 Nd7 8. O-O g5 9. Nc2 Bg7 10. Ne3 Bg6 11. Bd3 O-O 12. h4 Nf5 13. hxg5 hxg5 14.
Nxf5 Bxf5 15. Bxf5 exf5 16. Nxg5 Bh6 17. Qh5 Bxg5 18.
Bxg5 f6 19. Qg6+ Kh8 20. exf6 Qe8 21. Qg7# 1-0

[Event "Early-Titled-Tuesday-Blitz-February-27-2024"]
[Site "Chess.com"]
[Date "2024.02.27"]
[Round "6"]
[White "Joachim100x"]
[Black "tarno17"]
[Result "1-0"]
[WhiteElo "2438"]
[BlackElo "2140"]
[TimeControl "180+1"]
[EndTime "9:01:00 PST"]
[Termination "Joachim100x won by resignation"]

1. Nc3 d5 2. d4 Nf6 3. Bg5 e6 4. e4 dxe4 5. Nxe4 Be7 6. Bxf6 Bxf6 7. Nf3 b6 8. Qd2 Bb7 9. Bd3 h6 10. O-O-O a5 11. h4 a4 12. g4 Nc6 13. g5 Bxd4 14.
Bb5 Bc5 15. Qc3 Qe7 16. Qxg7 1-0

[Event "Early-Titled-Tuesday-Blitz-February-27-2024"]
[Site "Chess.com"]
[Date "2024.02.27"]
[Round "6"]
[White "yosephtaher"]
[Black "Evgeny81"]
[Result "1-0"]
[WhiteElo "2934"]
[BlackElo "2765"]
[TimeControl "180+1"]
[EndTime "9:01:05 PST"]
[Termination "yosephtaher won by resignation"]

1. d4 d6 2. e4 Nf6 3. Nc3 g6 4. f4 Bg7 5. Nf3 O-O 6. e5 Nfd7 7. h4 c5 8. h5 cxd4 9. Ne4 dxe5 10. hxg6 hxg6 11. Bc4 Nb6 12. Bb3 Bg4 13. Qd3 Nc6 14.
Nf6+ exf6 15. Qxg6 Bf5 16. Qxf5 Re8 17. Ng5 exf4+ 18.
Kf2 Ne5 19. Bxf4 Nd5 20. Bxe5 Rxe5 21. Rh8+ Bxh8 22. Qh7+ 1-0

[Event "Early-Titled-Tuesday-Blitz-February-27-2024"]
[Site "Chess.com"]
[Date "2024.02.27"]
[Round "6"]
[White "BillCoe"]
[Black "InitiatingASC"]
[Result "0-1"]
[WhiteElo "2098"]
[BlackElo "2358"]
[TimeControl "180+1"]
[EndTime "9:01:07 PST"]
[Termination "InitiatingASC won by resignation"]

1. e4 c5 2. Nf3 Nc6 3. Bb5 Nf6 4. e5 Nd5 5. O-O Nc7 6. Bxc6 bxc6 7. Re1 g6 8. c3 Bg7 9. d4 cxd4 10. cxd4 O-O 11. Nc3 d6 12. Bf4 Bg4 13. h3 Bxf3 14. Qxf3 Ne6 15. Rad1 Nxf4 16. Qxf4 Rb8 17. b3 Qa5 18.
Ne4 dxe5 19. dxe5 Qxe5 20. Qf3 Qf5 21. Qxf5 gxf5 22. Nc5 Rfd8 23. Rxd8+ Rxd8 24. Rxe7 Bf8 25. Re5 Rd1+ 26. Kh2 Bd6 0-1

[Event "Early-Titled-Tuesday-Blitz-February-27-2024"]
[Site "Chess.com"]
[Date "2024.02.27"]
[Round "6"]
[White "bulletteemo"]
[Black "romulocardoso"]
[Result "1-0"]
[WhiteElo "2564"]
[BlackElo "2339"]
[TimeControl "180+1"]
[EndTime "9:01:12 PST"]
[Termination "bulletteemo won by resignation"]

1. e4 c5 2. Nf3 g6 3. d4 cxd4 4. Nxd4 Nc6 5. c4 Bg7 6. Be3 Nf6 7. Nc3 O-O 8. Be2 d6 9. O-O Be6 10. Rc1 Rc8 11. b3 a6 12. Nxc6 Rxc6 13. f4 Qd7 14.
h3 Rfc8 15. Qd3 Qc7 16. Bf3 b5 17. Nd5 bxc4 18. Nxc7 cxd3 19. Rxc6 1-0

[Event "Early-Titled-Tuesday-Blitz-February-27-2024"]
[Site "Chess.com"]
[Date "2024.02.27"]
[Round "6"]
[White "C_K_G"]
[Black "JAN2404"]
[Result "1-0"]
[WhiteElo "2158"]
[BlackElo "1952"]
[TimeControl "180+1"]
[EndTime "9:01:12 PST"]
[Termination "C_K_G won by resignation"]

1. e4 c5 2. Nf3 d6 3. d4 cxd4 4. Nxd4 Nf6 5. Nc3 Nc6 6. Be2 Bd7 7. Be3 e5 8. Nb3 Be7 9. O-O O-O 10. Kh1 Rc8 11. g4 a6 12. Rg1 Na5 13. g5 Ne8 14. Nd5 Nc4 15. Bxc4 Rxc4 16. Bb6 Nc7 17. Na5 Rc5 18.
Nxb7 1-0

[Event "Early-Titled-Tuesday-Blitz-February-27-2024"]
[Site "Chess.com"]
[Date "2024.02.27"]
[Round "6"]
[White "JonSnowNW1"]
[Black "IngOscarArdila"]
[Result "1-0"]
[WhiteElo "2512"]
[BlackElo "2292"]
[TimeControl "180+1"]
[EndTime "9:01:20 PST"]
[Termination "JonSnowNW1 won by resignation"]

1. e4 e5 2. Nf3 Nf6 3. Nc3 Nc6 4. d4 exd4 5. Nxd4 Bb4 6. Nxc6 bxc6 7. Bd3 d5 8. exd5 cxd5 9. O-O O-O 10. Bg5 c6 11. h3 h6 12. Bh4 Re8 13. Qf3 Rb8 14. Rae1 Bd7 15. Rxe8+ Bxe8 16. Ne2 g5 17. Bg3 Bd6 18. Nd4 Rxb2 19. Nf5 Bf8 20. Be5 Nd7 21. Bxb2 1-0

[Event "Early-Titled-Tuesday-Blitz-February-27-2024"]
[Site "Chess.com"]
[Date "2024.02.27"]
[Round "6"]
[White "Grandmaster1369"]
[Black "Vse_po_kaify"]
[Result "1-0"]
[WhiteElo "2764"]
[BlackElo "2200"]
[TimeControl "180+1"]
[EndTime "9:01:24 PST"]
[Termination "Grandmaster1369 won by resignation"]

1. e4 e5 2. Nc3 Nf6 3. Bc4 c6 4. d4 Qa5 5. Nf3 Nxe4 6. O-O Nxc3 7. bxc3 d5 8. Bb3 e4 9. Ng5 Be7 10. f3 Bxg5 11. Bxg5 O-O 12. fxe4 dxe4 13. Be7 Bf5 14.
Bxf8 Kxf8 15. Qh5 g6 16. Qxh7 Qc7 17. g4 e3 18. gxf5 e2 19. fxg6 exf1=Q+ 20. Rxf1 1-0

[Event "Early-Titled-Tuesday-Blitz-February-27-2024"]
[Site "Chess.com"]
[Date "2024.02.27"]
[Round "6"]
[White "Fluffey"]
[Black "pfalcon1949"]
[Result "1-0"]
[WhiteElo "2508"]
[BlackElo "1900"]
[TimeControl "180+1"]
[EndTime "9:01:25 PST"]
[Termination "Fluffey won by resignation"]

1. d4 Nf6 2. Bf4 d5 3. e3 c5 4. Nf3 Nc6 5. Nbd2 Bf5 6. Bb5 Rc8 7. Ne5 e6 8. Nxc6 bxc6 9. Ba6 cxd4 10. exd4 Ra8 11.
Bb7 Rc8 12. Bxc8 Qxc8 13. O-O Be7 14. c4 O-O 15. Qa4 Qb7 16. b3 Rc8 17. Rac1 h6 18. cxd5 Nxd5 19. Be5 f6 20. Bg3 Bb4 21. Nc4 Nc3 22.
Rxc3 Bxc3 23. Nd6 Qd7 24. Nxc8 Qxc8 25. Rc1 Bxd4 26. Qxd4 1-0

[Event "Early-Titled-Tuesday-Blitz-February-27-2024"]
[Site "Chess.com"]
[Date "2024.02.27"]
[Round "6"]
[White "Savagelittlemole"]
[Black "Austen48"]
[Result "1-0"]
[WhiteElo "2445"]
[BlackElo "2247"]
[TimeControl "180+1"]
[EndTime "9:01:25 PST"]
[Termination "Savagelittlemole won by resignation"]

1. e4 c5 2. Ne2 e6 3. g3 Nc6 4. Bg2 d6 5. O-O Nf6 6. c3 Be7 7. d4 cxd4 8. cxd4 O-O 9. Nbc3 a6 10. h3 Re8 11. Be3 d5 12. e5 Nd7 13. f4 Nf8 14. g4 b5 15. f5 b4 16. Na4 exf5 17. gxf5 f6 18. e6 Qc7 19. Nf4 Qa5 20. Nxd5 Qxa4 21. Qxa4 Bb7 22. Nxe7+ 1-0

[Event "Early-Titled-Tuesday-Blitz-February-27-2024"]
[Site "Chess.com"]
[Date "2024.02.27"]
[Round "6"]
[White "shimastream"]
[Black "RantomOpening"]
[Result "1-0"]
[WhiteElo "2954"]
[BlackElo "2588"]
[TimeControl "180+1"]
[EndTime "9:01:27 PST"]
[Termination "shimastream won by resignation"]

1. d4 d5 2. c4 e6 3. Nc3 Nf6 4. Bf4 Bd6 5. Bg5 Be7 6. e3 O-O 7. Nf3 b6 8. Be2 Bb7 9. Bxf6 Bxf6 10. cxd5 exd5 11. b4 c5 12. bxc5 bxc5 13. Rb1 Qa5 14. Qd2 Ba6 15. Nxd5 Qxd2+ 16. Kxd2 Bd8 17. Rhc1 Ba5+ 18.
Kd1 cxd4 19. Nxd4 Bxe2+ 20. Kxe2 Nd7 21. Rb7 Nb6 22. Ne7+ Kh8 23. Ndc6 1-0

[Event "Early-Titled-Tuesday-Blitz-February-27-2024"]
[Site "Chess.com"]
[Date "2024.02.27"]
[Round "6"]
[White "BilicVladimir"]
[Black "VitaliyChayka"]
[Result "1-0"]
[WhiteElo "2682"]
[BlackElo "2512"]
[TimeControl "180+1"]
[EndTime "9:01:31 PST"]
[Termination "BilicVladimir won by resignation"]

1. Nf3 d6 2. c4 e5 3. d4 e4 4.
Nfd2 f5 5. e3 Nf6 6. Nc3 Be7 7.
Be2 c5 8. O-O Nc6 9. d5 Ne5 10. f4 exf3 11. Nxf3 Nxf3+ 12. gxf3 O-O 13. Bd3 Nd7 14. Kh1 Ne5 15. Be2 Bd7 16. b3 Bf6 17. Bb2 Qe7 18. Qc2 a6 19. Rae1 Rae8 20. a4 Ng6 21. Bd3 Bh4 22. Re2 Ne5 23. Nd1 Qf7 24. f4 Nxd3 25. Qxd3 Qh5 26. Rg2 Bf6 27. Bxf6 Rxf6 28. Rfg1 Re7 29. Qc3 Qh4 30. Rg5 Be8 31.
Qxf6 1-0

[Event "Early-Titled-Tuesday-Blitz-February-27-2024"]
[Site "Chess.com"]
[Date "2024.02.27"]
[Round "6"]
[White "deepfear"]
[Black "thebeast2900"]
[Result "0-1"]
[WhiteElo "1981"]
[BlackElo "2302"]
[TimeControl "180+1"]
[EndTime "9:01:32 PST"]
[Termination "thebeast2900 won by resignation"]

1. e4 c5 2. Nc3 Nc6 3. f4 g6 4. Nf3 Bg7 5. Bc4 e6 6. O-O Nge7 7. d3 O-O 8. Be3 d5 9. Bxc5 dxc4 10. dxc4 b6 11. Ba3 Ba6 12. Qe2 Nd4 13. Nxd4 Qxd4+ 14. Kh1 Bxc4 15. Qf2 Bxf1 16. Bxe7 Qxf2 0-1

[Event "Early-Titled-Tuesday-Blitz-February-27-2024"]
[Site "Chess.com"]
[Date "2024.02.27"]
[Round "6"]
[White "Yeritsyaan"]
[Black "maroro07"]
[Result "1-0"]
[WhiteElo "2595"]
[BlackElo "2409"]
[TimeControl "180+1"]
[EndTime "9:01:33 PST"]
[Termination "Yeritsyaan won by resignation"]

1. b3 d5 2. Bb2 c5 3. e3 Nc6 4.
Nf3 e6 5. Bb5 Qc7 6. O-O Nf6 7. d4 a6 8. Bxc6+ Qxc6 9. Ne5 Qc7 10. c4 dxc4 11. Nxc4 Be7 12. dxc5 Bxc5 13. Be5 Qc6 14.
Nd6+ Kf8 15. Nc3 Nd7 16. Bg3 e5 17. Nce4 Bxd6 18. Nxd6 g6 19. Rc1 Qb6 20. Nxc8 1-0

[Event "Early-Titled-Tuesday-Blitz-February-27-2024"]
[Site "Chess.com"]
[Date "2024.02.27"]
[Round "6"]
[White "Genghis_K"]
[Black "Practical-Play"]
[Result "1-0"]
[WhiteElo "2933"]
[BlackElo "2582"]
[TimeControl "180+1"]
[EndTime "9:01:36 PST"]
[Termination "Genghis_K won by resignation"]

1. e4 e5 2. Nf3 Nc6 3. d4 exd4 4.
Nxd4 Nf6 5. Nxc6 bxc6 6. Bd3 d5 7. exd5 cxd5 8. O-O c6 9. c4 Be7 10. Nc3 O-O 11.
cxd5 cxd5 12. Be3 Kh8 13. Bd4 Bg4 14. Qd2 Bh5 15. Rfe1 a5 16. Re5 Bd6 17. Rxh5 Nxh5 18. Qh6 Bxh2+ 19. Kxh2 Qh4+ 20. Kg1 f5 21. Bxg7+ 1-0

[Event "Early-Titled-Tuesday-Blitz-February-27-2024"]
[Site "Chess.com"]
[Date "2024.02.27"]
[Round "6"]
[White "Doublekk14"]
[Black "m_ezat"]
[Result "1-0"]
[WhiteElo "2312"]
[BlackElo "2499"]
[TimeControl "180+1"]
[EndTime "9:01:38 PST"]
[Termination "Doublekk14 won on time"]

1. c4 e5 2. Nc3 Nf6 3. e3 Nc6 4. Nf3 Bb4 5. Qc2 O-O 6. d3 d5 7. cxd5 Nxd5 8. Bd2 Bxc3 9. bxc3 Re8 10. Be2 Nf6 11. e4 Bg4 12. h3 1-0

[Event "Early-Titled-Tuesday-Blitz-February-27-2024"]
[Site "Chess.com"]
[Date "2024.02.27"]
[Round "6"]
[White "ChessQueen"]
[Black "Alexander_Donchenko"]
[Result "1/2-1/2"]
[WhiteElo "2762"]
[BlackElo "2899"]
[TimeControl "180+1"]
[EndTime "9:01:44 PST"]
[Termination "Game drawn by agreement"]

1. Nf3 Nf6 2. g3 b5 3. Bg2 Bb7 4. d3 e6 5. e4 d6 6. O-O Be7 7. Re1 O-O 8. Na3 a6 9. c4 b4 10. Nc2 c5 11. e5 dxe5 12. Nxe5 Bxg2 13. Kxg2 Nfd7 14. d4 Nxe5 15. dxe5 Qxd1 16. Rxd1 Nc6 17. f4 a5 18. Be3 a4 19. Ne1 Rfd8 20. Nd3 f6 21.
Nxc5 fxe5 22. Nxe6 Rxd1 23. Rxd1 Kf7 24. Nc7 Rc8 25. Nd5 Na5 26. b3 axb3 27. axb3 Nxb3 28.
Nxe7 Kxe7 29. Rb1 Na5 30. Rxb4 Nxc4 31. Rb7+ Kf8 32. Bc1 exf4 33. Bxf4 h6 34. h4 Re8 35. Kf3 Ne5+ 36. Bxe5 Rxe5 37. Kf4 Ra5 38. Rc7 1/2-1/2

[Event "Early-Titled-Tuesday-Blitz-February-27-2024"]
[Site "Chess.com"]
[Date "2024.02.27"]
[Round "6"]
[White "IsaqueGoncalvesSanto"]
[Black "talaicito"]
[Result "0-1"]
[WhiteElo "1759"]
[BlackElo "2280"]
[TimeControl "180+1"]
[EndTime "9:01:51 PST"]
[Termination "talaicito won on time"]

1. d4 e6 2. c4 f5 3. g4 Nf6 4. gxf5 exf5 5. Qd3 d5 6. Nc3 c6 7. Bg5 Bb4 8. O-O-O O-O 9. Bh3 Qa5 10. Kb1 Bxc3 11.
bxc3 Ne4 12. Bd2 Nxf2 13. Qc2 Nxh1 0-1

[Event "Early-Titled-Tuesday-Blitz-February-27-2024"]
[Site "Chess.com"]
[Date "2024.02.27"]
[Round "6"]
[White "campochess"]
[Black "Rosh1610"]
[Result "0-1"]
[WhiteElo "2188"]
[BlackElo "2419"]
[TimeControl "180+1"]
[EndTime "9:01:53 PST"]
[Termination "Rosh1610 won by resignation"]

1. Nf3 d5 2. b3 Nf6 3. Bb2 g6 4. d3 Bg7 5. c4 O-O 6. g3 dxc4 7. bxc4 Nc6 8. Bg2 Bg4 9. Nbd2 Re8 10. h3 Bxf3 11. Nxf3 e5 12. O-O e4 13. Ng5 h6 14.
Nxe4 Nxe4 15. Bxg7 Nxg3 16. fxg3 Kxg7 17. Bxc6 bxc6 18.
Rf3 Qd4+ 19. Kg2 Rxe2+ 20. Qxe2 Qxa1 21. Qe7 Rf8 22. Qxc7 Qxa2+ 23. Rf2 Qa4 24. Qe5+ Kg8 25. h4 h5 26. Rf6 Qc2+ 27. Kh3 Qxd3 28. Rxc6 Qd7+ 0-1

[Event "Early-Titled-Tuesday-Blitz-February-27-2024"]
[Site "Chess.com"]
[Date "2024.02.27"]
[Round "6"]
[White "EdmundPlayer"]
[Black "Schattman"]
[Result "0-1"]
[WhiteElo "2268"]
[BlackElo "2434"]
[TimeControl "180+1"]
[EndTime "9:01:55 PST"]
[Termination "Schattman won by resignation"]

1. Nf3 g6 2. c4 c5 3. Nc3 Bg7 4. e3 Nf6 5. d4 cxd4 6. Nxd4 d5 7. cxd5 Nxd5 8. Bb5+ Kf8 9. Nxd5 Qxd5 10. O-O Nc6 11.
Nxc6 bxc6 12. Qxd5 cxd5 13. Bc6 Rb8 14. Bxd5 Ba6 15. Rd1 Bxb2 16. Rb1 Be5 17. Rxb8+ Bxb8 18. Bb2 f6 19. Bc4 Bxc4 20. Rd8+ Kg7 0-1

[Event "Early-Titled-Tuesday-Blitz-February-27-2024"]
[Site "Chess.com"]
[Date "2024.02.27"]
[Round "6"]
[White "Actuary44"]
[Black "salomez"]
[Result "1-0"]
[WhiteElo "2521"]
[BlackElo "2324"]
[TimeControl "180+1"]
[EndTime "9:01:59 PST"]
[Termination "Actuary44 won by resignation"]

1. e4 c5 2. d4 cxd4 3. c3 Nf6 4. Bd3 Nc6 5. f4 e5 6. Nf3 d5 7. exd5 Qxd5 8. fxe5 Ng4 9. cxd4 Bb4+ 10. Nc3 O-O 11.
O-O Qa5 12. Qc2 Nxd4 13. Nxd4 Qb6 14. Ne2 Rd8 15. Bxh7+ Kh8 16. Qe4 Bc5 17. Rd1 Be6 18. h3 Bd5 19. Qxg4 Kxh7 20. Bg5 1-0

[Event "Early-Titled-Tuesday-Blitz-February-27-2024"]
[Site "Chess.com"]
[Date "2024.02.27"]
[Round "6"]
[White "Kobalia"]
[Black "SaiAgni_98"]
[Result "1-0"]
[WhiteElo "2802"]
[BlackElo "2562"]
[TimeControl "180+1"]
[EndTime "9:02:05 PST"]
[Termination "Kobalia won by resignation"]

1. e4 c5 2. Nf3 g6 3. c3 Bg7 4. d4 cxd4 5. cxd4 d5 6. e5 a6 7. h3 Nh6 8. Be2 O-O 9. O-O f6 10. Nc3 Nc6 11. exf6 exf6 12. Qb3 Ne7 13. Re1 Nf7 14. Bf4 Re8 15. Na4 b5 16. Nc5 g5 17.
Bh2 Bf5 18. Bd3 Bxd3 19. Qxd3 Qc8 20. Re3 Nc6 21. Rae1 Rxe3 22. Rxe3 Bf8 23. Ne6 Bd6 24. Qf5 Nxd4 25. Nexd4 1-0

[Event "Early-Titled-Tuesday-Blitz-February-27-2024"]
[Site "Chess.com"]
[Date "2024.02.27"]
[Round "6"]
[White "KhazhatulyAlikhan"]
[Black "Bastiandash"]
[Result "1-0"]
[WhiteElo "2435"]
[BlackElo "2588"]
[TimeControl "180+1"]
[EndTime "9:02:10 PST"]
[Termination "KhazhatulyAlikhan won by resignation"]

1. e4 c5 2. Nf3 e6 3. d4 cxd4 4. Nxd4 a6 5. Nc3 b5 6. Bd3 Bb7 7. Qe2 Nc6 8. Nxc6 Bxc6 9. O-O Qb8 10. Nd5 Bd6 11. h3 Ne7 12. Nxe7 Bxe7 13. Qg4 O-O 14.
Bg5 Bxg5 15. Qxg5 f6 16. Qe3 Qe5 17. c3 Rfd8 18. f4 Qc7 19. e5 fxe5 20. fxe5 Qxe5 21. Qxe5 1-0

[Event "Early-Titled-Tuesday-Blitz-February-27-2024"]
[Site "Chess.com"]
[Date "2024.02.27"]
[Round "6"]
[White "Grischuk"]
[Black "AlmasRakhmatullaev"]
[Result "1-0"]
[WhiteElo "3046"]
[BlackElo "2833"]
[TimeControl "180+1"]
[EndTime "9:02:11 PST"]
[Termination "Grischuk won by resignation"]

1. d4 d5 2. Nf3 e6 3. c4 a6 4. Bg5 Be7 5. Bxe7 Nxe7 6. Nbd2 Nd7 7. Rc1 O-O 8. g3 dxc4 9. Nxc4 b5 10. Ncd2 Bb7 11. Bg2 Rc8 12. Nb3 Bd5 13. O-O Bxb3 14.
Qxb3 c5 15. dxc5 Nxc5 16. Qa3 Qb6 17. Rfd1 Nd5 18. Ne5 b4 19. Qf3 Qb8 20. Nd3 Na4 21. Qg4 a5 22. Bxd5 exd5 23. Qd4 Rfd8 24. Nf4 Rxc1 25. Rxc1 h6 26. Nh5 f6 27. Qg4 Qa7 28.
Nxf6+ Kh8 29. Qg6 1-0

[Event "Early-Titled-Tuesday-Blitz-February-27-2024"]
[Site "Chess.com"]
[Date "2024.02.27"]
[Round "6"]
[White "Zampronha1971"]
[Black "HajiyevKanan"]
[Result "0-1"]
[WhiteElo "2353"]
[BlackElo "2531"]
[TimeControl "180+1"]
[EndTime "9:02:14 PST"]
[Termination "HajiyevKanan won by resignation"]

1. e4 c6 2. d4 d5 3. e5 a6 4. Nf3 Bg4 5. c4 e6 6. Nc3 Nd7 7. Bd3 Ne7 8. O-O dxc4 9. Bxc4 Nb6 10. Be2 Nf5 11. Be3 Bxf3 12. Bxf3 Nc4 13. Qe2 Ncxe3 14. fxe3 Qg5 15. Rae1 Bb4 16. Be4 g6 17. Bxf5 gxf5 18. e4 Bxc3 19. bxc3 fxe4 20. Qxe4 Rg8 21. Rf2 h5 22.
Ref1 Rg7 23. Rf6 O-O-O 24. Qf3 Rdg8 25. Rxf7 Rxf7 0-1

[Event "Early-Titled-Tuesday-Blitz-February-27-2024"]
[Site "Chess.com"]
[Date "2024.02.27"]
[Round "6"]
[White "joksijoksi"]
[Black "GodzillaChessYoutube"]
[Result "0-1"]
[WhiteElo "2494"]
[BlackElo "2677"]
[TimeControl "180+1"]
[EndTime "9:02:16 PST"]
[Termination "GodzillaChessYoutube won by resignation"]

1. e4 c5 2. Nf3 e6 3. d4 cxd4 4. Nxd4 a6 5. Nc3 Qc7 6. Be3 Nf6 7. Be2 Bb4 8. Qd3 d5 9. exd5 Nxd5 10. O-O Nxe3 11. Qxe3 Nc6 12. Nf5 O-O 13. Nxg7 Qe5 14.
Qxe5 Nxe5 15. Nh5 f5 16. f4 Ng6 17. Bc4 b5 18. Bb3 Kf7 19. a4 Bc5+ 20. Kh1 b4 21. Ne2 Bb7 22. Nc1 Nh4 23. Rf3 Nxf3 0-1

[Event "Early-Titled-Tuesday-Blitz-February-27-2024"]
[Site "Chess.com"]
[Date "2024.02.27"]
[Round "6"]
[White "javirec"]
[Black "Alina_Gumerovna"]
[Result "1-0"]
[WhiteElo "2276"]
[BlackElo "2080"]
[TimeControl "180+1"]
[EndTime "9:02:16 PST"]
[Termination "javirec won by resignation"]

1. e4 e5 2. Nf3 Nf6 3. Nxe5 Nxe4 4. Qe2 Qe7 5. Qxe4 d6 6. d4 dxe5 7. dxe5 Nc6 8. Bb5 Bd7 9. O-O O-O-O 10. Re1 a6 11.
Bf1 Nb4 12. a3 Nc6 13. Nc3 Qc5 14. Bf4 Be7 15. Nd5 Be6 16. Nxe7+ Nxe7 17. Bg5 Bf5 18. Bxe7 Bxe4 19. Bxc5 1-0